BSA
ST. LOUIS BROWNS @ SEATTLE PIKES
04/21/2028
 
TOP OF THE 1ST
St. Louis Browns batting - Pitching for Seattle Pikes : LHP Albert Lebel
Pitching: LHP Albert Lebel
Batting: LHB Junior Coates 0-0: Ball
1-0: Foul Ball, location: 2F
1-1: Ball
2-1: Called Strike
2-2: Ball
3-2: Strikes out swinging
Batting: RHB Carlos Alfaro 0-0: SINGLE (Line Drive, 34D)
Batting: LHB Robin Hill 0-0: Ground out 3-1 (Groundball, 34S)
Carlos Alfaro to second
Batting: RHB Anthony Rucker 0-0: Ball
1-0: Foul Ball, location: 2F
1-1: Called Strike
1-2: Ball
2-2: Ball
3-2: Strikes out looking and he ARGUES THE CALL AND IS TOSSED!
Top of the 1st over - 0 run(s), 1 hit(s), 0 error(s), 1 left on base; St. Louis 0 - Seattle 0
BOTTOM OF THE 1ST
Seattle Pikes batting - Pitching for St. Louis Browns : RHP Claudio Martínez
Pitching: RHP Claudio Martínez
Now at 3B: Bill Murphy
Batting: LHB Roberto Lozano 0-0: SINGLE (Line Drive, 89S)
Batting: RHB Bill Mark 0-0: Grounds into double play, 4-6-3 (Groundball, 4)
Batting: RHB Wallace Greene 0-0: Ball
1-0: Ball
2-0: Fly out, F9 (Flyball, 89S)
Bottom of the 1st over - 0 run(s), 1 hit(s), 0 error(s), 0 left on base; St. Louis 0 - Seattle 0
TOP OF THE 2ND
St. Louis Browns batting - Pitching for Seattle Pikes : LHP Albert Lebel
Batting: RHB Mario Rosales 0-0: Ball
1-0: SINGLE (Line Drive, 7S)
Batting: RHB Vicente Valentín 0-0: Grounds into double play, 4-6-3 (Groundball, 4)
Batting: LHB Mike Hill 0-0: Ball
1-0: Called Strike
1-1: Swinging Strike
1-2: Foul Ball, location: 2F
1-2: SINGLE (Flyball, 8LS)
Batting: RHB António Venecia 0-0: Fly out, F7 (Line Drive, 7)
Top of the 2nd over - 0 run(s), 2 hit(s), 0 error(s), 1 left on base; St. Louis 0 - Seattle 0
BOTTOM OF THE 2ND
Seattle Pikes batting - Pitching for St. Louis Browns : RHP Claudio Martínez
Batting: RHB Manuel Rico 0-0: Ground out 6-3 (Groundball, 6)
Batting: RHB Iván Gonzáles 0-0: Ball
1-0: Ball
2-0: Ground out 5-3 (Groundball, 5L)
Batting: RHB Pete Rideout 0-0: Called Strike
0-1: Called Strike
0-2: Ball
1-2: Foul Ball, location: 2F
1-2: Foul Ball, location: 2F
1-2: Foul Ball, location: 2F
1-2: Ball
2-2: Ball
3-2: Ground out 6-3 (Groundball, 6)
Bottom of the 2nd over - 0 run(s), 0 hit(s), 0 error(s), 0 left on base; St. Louis 0 - Seattle 0
TOP OF THE 3RD
St. Louis Browns batting - Pitching for Seattle Pikes : LHP Albert Lebel
Batting: RHB Domingo Romero 0-0: Ground out 6-3 (Groundball, 6)
Batting: LHB Junior Coates 0-0: Called Strike
0-1: Swinging Strike
0-2: Strikes out swinging
Batting: RHB Carlos Alfaro 0-0: Ball
1-0: Called Strike
1-1: SINGLE (Flyball, 8RS)
Batting: LHB Robin Hill 0-0: Called Strike
Carlos Alfaro is caught stealing 2nd base
Top of the 3rd over - 0 run(s), 1 hit(s), 0 error(s), 0 left on base; St. Louis 0 - Seattle 0
BOTTOM OF THE 3RD
Seattle Pikes batting - Pitching for St. Louis Browns : RHP Claudio Martínez
Batting: SHB António Hernández 0-0: Called Strike
0-1: Swinging Strike
0-2: Ball
1-2: Fly out, F7 (Flyball, 78S)
Batting: LHB Brandon Cummings 0-0: Fly out, F9 (Flyball, 89XD)
Batting: RHB Henning Huisman 0-0: Ball
1-0: Ground out 5-3 (Groundball, 5L)
Bottom of the 3rd over - 0 run(s), 0 hit(s), 0 error(s), 0 left on base; St. Louis 0 - Seattle 0
TOP OF THE 4TH
St. Louis Browns batting - Pitching for Seattle Pikes : LHP Albert Lebel
Batting: LHB Robin Hill 0-0: Fly out, F8 (Flyball, 8RM)
Batting: LHB Bill Murphy 0-0: Called Strike
0-1: Ball
1-1: Ground out 6-3 (Groundball, 6)
Batting: RHB Mario Rosales 0-0: Ball
1-0: SINGLE (Groundball, 34S) (infield hit)
Batting: RHB Vicente Valentín 0-0: Ball
1-0: Ball
2-0: Called Strike
2-1: Swinging Strike
2-2: Fly out, F6 (Popup, 6MS)
Top of the 4th over - 0 run(s), 1 hit(s), 0 error(s), 1 left on base; St. Louis 0 - Seattle 0
BOTTOM OF THE 4TH
Seattle Pikes batting - Pitching for St. Louis Browns : RHP Claudio Martínez
Batting: LHB Roberto Lozano 0-0: Ball
1-0: Ball
2-0: Ball
3-0: Called Strike
3-1: Ground out 4-3 (Groundball, 34)
Batting: RHB Bill Mark 0-0: Ball
1-0: Called Strike
1-1: Ball
2-1: Ball
3-1: Foul Ball, location: 2F
3-2: Base on Balls
Batting: RHB Wallace Greene 0-0: Ball
1-0: Ground out 4-3 (Groundball, 4S)
Bill Mark to second
Batting: RHB Manuel Rico 0-0: Called Strike
0-1: Fly out, F9 (Line Drive, 9)
Bottom of the 4th over - 0 run(s), 0 hit(s), 0 error(s), 1 left on base; St. Louis 0 - Seattle 0
TOP OF THE 5TH
St. Louis Browns batting - Pitching for Seattle Pikes : LHP Albert Lebel
Batting: LHB Mike Hill 0-0: Foul Ball, location: 2F
0-1: Ball
1-1: Ball
2-1: Foul Ball, location: 2F
2-2: Fly out, F7 (Flyball, 7S)
Batting: RHB António Venecia 0-0: Called Strike
0-1: Fly out, F9 (Flyball, 9S)
Batting: RHB Domingo Romero 0-0: Ball
1-0: Ball
2-0: Swinging Strike
2-1: Called Strike
2-2: Strikes out looking
Top of the 5th over - 0 run(s), 0 hit(s), 0 error(s), 0 left on base; St. Louis 0 - Seattle 0
BOTTOM OF THE 5TH
Seattle Pikes batting - Pitching for St. Louis Browns : RHP Claudio Martínez
Batting: RHB Iván Gonzáles 0-0: DOUBLE (Flyball, 8LD)
Batting: RHB Pete Rideout 0-0: Foul Ball, location: 2F
0-1: Ground out 4-3 (Groundball, 34D)
Iván Gonzáles to third
Batting: SHB António Hernández 0-0: Intentional Walk
Batting: LHB Brandon Cummings 0-0: Ball
1-0: Ball
2-0: Called Strike
2-1: DOUBLE (Line Drive, 9LM)
Iván Gonzáles scores
António Hernández to third
Batting: RHB Henning Huisman 0-0: Called Strike
0-1: Ball
1-1: Swinging Strike
1-2: Ball
2-2: Strikes out swinging
Batting: LHB Roberto Lozano 0-0: Ball
1-0: Swinging Strike
1-1: Called Strike
1-2: Strikes out swinging
Bottom of the 5th over - 1 run(s), 2 hit(s), 0 error(s), 2 left on base; St. Louis 0 - Seattle 1
TOP OF THE 6TH
St. Louis Browns batting - Pitching for Seattle Pikes : LHP Albert Lebel
Batting: LHB Junior Coates 0-0: Called Strike
0-1: Ball
1-1: Called Strike
1-2: Strikes out looking
Batting: RHB Carlos Alfaro 0-0: Called Strike
0-1: Ball
1-1: Ball
2-1: Foul Ball, location: 2F
2-2: Foul Ball, location: 2F
2-2: SINGLE (Groundball, 4MD)
Batting: LHB Robin Hill 0-0: DOUBLE (Flyball, 8LXD)
Carlos Alfaro to third
Batting: LHB Bill Murphy 0-0: Called Strike
0-1: Ball
1-1: Foul Ball, location: 2F
1-2: Ball
2-2: Foul Ball, location: 2F
2-2: Ball
3-2: Foul Ball, location: 2F
3-2: SINGLE (Flyball, 6MD)
Carlos Alfaro scores
Robin Hill to third
Batting: RHB Mario Rosales 0-0: Fly out, F9 (Flyball, 9D)
Runner from 3rd tags up, SCORES, no throw
Batting: RHB Vicente Valentín 0-0: Ball
Pickoff Throw to First - Out!
Top of the 6th over - 2 run(s), 3 hit(s), 0 error(s), 0 left on base; St. Louis 2 - Seattle 1
BOTTOM OF THE 6TH
Seattle Pikes batting - Pitching for St. Louis Browns : RHP Claudio Martínez
Batting: RHB Bill Mark 0-0: Ground out 5-3 (Groundball, 56S)
Batting: RHB Wallace Greene 0-0: Swinging Strike
0-1: Ball
1-1: Ball
2-1: Foul Ball, location: 2F
2-2: Strikes out swinging
Batting: RHB Manuel Rico 0-0: Fly out, F3 (Flyball, 3D)
Bottom of the 6th over - 0 run(s), 0 hit(s), 0 error(s), 0 left on base; St. Louis 2 - Seattle 1
TOP OF THE 7TH
St. Louis Browns batting - Pitching for Seattle Pikes : LHP Albert Lebel
Batting: RHB Vicente Valentín 0-0: Called Strike
0-1: Foul Ball, location: 2F
0-2: Ball
1-2: Ball
2-2: SINGLE (Flyball, 4MD)
Batting: LHB Mike Hill 0-0: Ball
1-0: Bunted foul
1-1: Sac Bunt - play at first, batter OUT! 3-4
Vicente Valentín to second
Pitching: RHP Ernesto Beltrán
Batting: RHB António Venecia 0-0: Ball
1-0: Ball
Vicente Valentín steals 3rd base
2-0: Foul Ball, location: 2F
2-1: 2-RUN HOME RUN (Flyball, 7LD), Distance : 352 ft
Pitching: RHP Francisco Carrasco
Batting: RHB Domingo Romero 0-0: Fly out, F9 (Flyball, 9S)
Batting: LHB Junior Coates 0-0: Called Strike
0-1: Ball
1-1: Foul Ball, location: 2F
1-2: Strikes out looking
Top of the 7th over - 2 run(s), 2 hit(s), 0 error(s), 0 left on base; St. Louis 4 - Seattle 1
BOTTOM OF THE 7TH
Seattle Pikes batting - Pitching for St. Louis Browns : RHP Claudio Martínez
Batting: RHB Iván Gonzáles 0-0: Called Strike
0-1: Fly out, F9 (Line Drive, 9)
Batting: RHB Pete Rideout 0-0: Ball
1-0: Fly out, F8 (Flyball, 8LS)
Batting: SHB António Hernández 0-0: Ball
1-0: Swinging Strike
1-1: Foul Ball, location: 2F
1-2: Ball
2-2: Foul Ball, location: 2F
2-2: Strikes out swinging
Bottom of the 7th over - 0 run(s), 0 hit(s), 0 error(s), 0 left on base; St. Louis 4 - Seattle 1
TOP OF THE 8TH
St. Louis Browns batting - Pitching for Seattle Pikes : RHP Francisco Carrasco
Batting: RHB Carlos Alfaro 0-0: Ball
1-0: Called Strike
1-1: Swinging Strike
1-2: Foul Ball, location: 2F
1-2: Ball
2-2: Ball
3-2: Fly out, F7 (Flyball, 78S)
Batting: LHB Robin Hill 0-0: Ball
1-0: Swinging Strike
1-1: Foul Ball, location: 2F
1-2: SINGLE (Groundball, 6MD)
Batting: LHB Bill Murphy 0-0: Ball
Robin Hill steals 2nd base
1-0: Intentional Walk
Batting: RHB Mario Rosales 0-0: Called Strike
0-1: Ball
1-1: Fly out, F3 (Popup, 34)
Batting: RHB Vicente Valentín 0-0: Ball
1-0: Ball
2-0: Foul Ball, location: 2F
2-1: Foul Ball, location: 2F
2-2: Foul Ball, location: 2F
2-2: Foul Ball, location: 2F
2-2: Ball
3-2: Foul Ball, location: 2F
3-2: Foul Ball, location: 2F
3-2: Base on Balls
Robin Hill to third
Bill Murphy to second
Pitching: LHP Jesús Martínez
Batting: LHB Mike Hill 0-0: Ball
1-0: Swinging Strike
1-1: Ground out 5-3 (Groundball, 56S)
Top of the 8th over - 0 run(s), 1 hit(s), 0 error(s), 3 left on base; St. Louis 4 - Seattle 1
BOTTOM OF THE 8TH
Seattle Pikes batting - Pitching for St. Louis Browns : RHP Claudio Martínez
Batting: LHB Brandon Cummings 0-0: Called Strike
0-1: Ball
1-1: Fly out, F9 (Flyball, 9D)
Batting: RHB Henning Huisman 0-0: Ball
1-0: Fly out, F9 (Flyball, 9LS)
Batting: LHB Roberto Lozano 0-0: SINGLE (Line Drive, 78M)
Batting: RHB Bill Mark 0-0: Ball
1-0: Foul Ball, location: 2F
1-1: Foul Ball, location: 2F
1-2: Strikes out looking
Bottom of the 8th over - 0 run(s), 1 hit(s), 0 error(s), 1 left on base; St. Louis 4 - Seattle 1
TOP OF THE 9TH
St. Louis Browns batting - Pitching for Seattle Pikes : LHP Jesús Martínez
Pitching: LHP Manny Sandoval
Batting: RHB António Venecia 0-0: Ball
1-0: Ball
2-0: Called Strike
2-1: Swinging Strike
2-2: Strikes out looking
Batting: RHB Domingo Romero 0-0: Called Strike
0-1: Fly out, F7 (Line Drive, 7S)
Batting: LHB Junior Coates 0-0: Called Strike
0-1: Ball
1-1: Foul Ball, location: 2F
1-2: Foul Ball, location: 2F
1-2: Strikes out swinging
Top of the 9th over - 0 run(s), 0 hit(s), 0 error(s), 0 left on base; St. Louis 4 - Seattle 1
BOTTOM OF THE 9TH
Seattle Pikes batting - Pitching for St. Louis Browns : RHP Claudio Martínez
Pitching: RHP António López
Now at 1B: John Cotton
Batting: RHB Wallace Greene 0-0: Ball
1-0: Ball
2-0: Fly out, F9 (Flyball, 9LS)
Batting: RHB Manuel Rico 0-0: Ball
1-0: Called Strike
1-1: Called Strike
1-2: Foul Ball, location: 2F
1-2: SINGLE (Groundball, 56D)
Batting: RHB Iván Gonzáles 0-0: Called Strike
0-1: Fly out, F8 (Flyball, 8RM)
Batting: RHB Pete Rideout 0-0: Fielders Choice at 2nd, U6 (Groundball, 6M)
Bottom of the 9th over - 0 run(s), 1 hit(s), 0 error(s), 1 left on base; St. Louis 4 - Seattle 1
Tuesday, August 8th, 2017 - OOTP Baseball 17.12 Build 75